 Dungeon Crawl Stone Soup version 0.32-a0-128-g77eb882913 (webtiles) character file.

Game seed: 2789249733216896178

397 jasper the Slasher (level 6, -1/47 (48) HPs)
             Began as a Demigod Brigand on Feb 7, 2024.
             Killed by divine providence
             ... invoked by an orc priest
              (14 damage)
             ... on level 4 of the Dungeon.
             The game lasted 00:06:17 (2982 turns).

jasper the Slasher (Demigod Brigand)                Turns: 2982, Time: 00:06:17

HP:   -1/47 (48)    AC: 11    Str: 12    XL:     6   Next: 27%
MP:   8/8           EV:  9    Int: 13    God:
Gold: 264           SH:  0    Dex: 23    Spells: 5/5 levels left

rFire   . . .        f - +1 long sword
rCold   . . .        (no shield)
rNeg    . . .        r - +0 scale mail
rPois   .            q - +1 helmet
rElec   .            c - +2 cloak
rCorr   .            (no gloves)
SInv    .            (no boots)
Will    .....        (no amulet)
Stlth   ++           (no ring)
HPRegen 0.27/turn    (no ring)
MPRegen 0.11/turn

%: no passive effects
@: lightly drained
A: high MP 1, forlorn, divine attributes
a: no special abilities


You were on level 4 of the Dungeon.
You visited 1 branch of the dungeon, and saw 4 of its levels.

You collected 264 gold pieces.

Inventory:

Hand Weapons
 a - a +2 dagger
 f - a +1 long sword (weapon)
 i - a +0 rapier of speed
 v - a +0 falchion of flaming
Missiles
 d - 12 poisoned darts (quivered)
 e - 3 curare-tipped darts
 l - 37 stones
 n - 7 atropa-tipped darts
Armour
 b - a +0 robe
 c - a +2 cloak (worn)
 p - a +0 ring mail
 q - a +1 helmet (worn)
 r - a +0 scale mail (worn)
Wands
 s - a wand of polymorph (9)
Scrolls
 h - a scroll of amnesia {unknown}
 k - 2 scrolls of fog
 u - a scroll of immolation {unknown}
Potions
 j - a potion of brilliance {unknown}
 m - a potion of cancellation {unknown}
 t - a potion of ambrosia {unknown}
Miscellaneous
 o - a lightning rod (3/4)


   Skills:
 - Level 1.7 Fighting
 - Level 1.7(4.2) Short Blades
 * Level 6.1(6.2) Long Blades
 - Level 1.7 Throwing
 - Level 0.8 Dodging
 - Level 3.6 Stealth


You had 5 spell levels left.
You didn't know any spells.
Your spell library contained the following spells:

 Spells                   Type           Power      Damage    Failure   Level
 Mercury Vapours          Alch/Air       0%         N/A       95%         2
 Hailstorm                Conj/Ice       0%         3d5       99%         3
 Mephitic Cloud           Conj/Alch/Air  0%         N/A       99%         3
 Summon Ice Beast         Ice/Summ       0%         N/A       99%         3
 Freezing Cloud           Conj/Ice/Air   0%         6-21      100%        5
 Sculpt Simulacrum        Ice/Alch       0%         N/A       100%        6


Dungeon Overview and Level Annotations

Branches:
Dungeon (4/15)             Temple (0/1) D:4


Innate Abilities, Weirdness & Mutations

You have an increased reservoir of magic. (+10% MP)
You shall have no god before yourself.
Your divine heritage dramatically boosts your attributes as you level up.


Message History

Beogh smites you!
You take 17 damage, and have 30/47 hp.
MASSIVE DAMAGE!!
Throw: 16 darts (poison)
Press: ? - help, Q - select action, (/) - cycle Shift-Dir - straight line, f/p - orc priest
Aim: an orc priest, wielding a +0 dagger (moderately wounded, very poisoned, 60% to hit)
You throw a poisoned dart.
The poisoned dart completely misses the orc priest.
The orc shouts!
An orc comes into view. It is wielding a +0 short sword.
The orc priest calls down the wrath of Beogh upon you.
Beogh smites you!
You take 8 damage, and have 22/47 hp.
Throw: 15 darts (poison)
Press: ? - help, Q - select action, (/) - cycle Shift-Dir - straight line, f/p - orc priest
Aim: an orc priest, wielding a +0 dagger (moderately wounded, very poisoned, 60% to hit)
You throw a poisoned dart. The poisoned dart hits the orc priest.
The orc priest looks even sicker.
The orc priest is moderately wounded.
The orc shouts!
The orc priest mumbles some strange prayers to Beogh against you.
Beogh smites you!
* * * LOW HITPOINT WARNING * * *
You take 16 damage, and have 6/47 hp.
MASSIVE DAMAGE!!
Throw: 14 darts (poison)
Press: ? - help, Q - select action, (/) - cycle Shift-Dir - straight line, f/p - orc priest
Aim: an orc priest, wielding a +0 dagger (moderately wounded, very poisoned, 60% to hit)
You throw a poisoned dart.
The poisoned dart barely misses the orc priest.
There is a stone staircase leading down here.
Throw: 13 darts (poison)
Press: ? - help, Q - select action, (/) - cycle Shift-Dir - straight line, f/p - orc priest
Aim: an orc priest, wielding a +0 dagger (almost dead, very poisoned, 60% to hit)
You throw a poisoned dart.
The poisoned dart closely misses the orc.
The poisoned dart hits the orc priest.
The orc priest is almost dead.
It was a potion of curing.
You feel better.
The orc priest calls down the wrath of Beogh upon you.
Beogh smites you!
You die... ....
PP......

#.#. #..PP..≈≈≈≈ #.#.##
#..PP..≈... #.#oo#
##..PP..≈._. #.##.#
........≈... #.##o# ###
..........
#.##.###.####...###..
#)..........#.#.###..
##..@...^....).......
#..............##...
#.............##...#
###................###
#.....................
####.#.............#...)#
#....#.............#..###
#...##................# #
#..................#### #


You could see an orc priest (very poisoned) and 2 orcs.

Vanquished Creatures
  2 ogres (D:4)
  An orc priest (D:3)
  Terence (D:3)
  A sleepcap (D:3)
  Robin (D:3)
  3 adders
  2 dart slugs
  A ribbon worm (D:2)
  8 orcs
  5 bats
  11 endoplasms
  3 giant cockroaches
  11 goblins
  10 hobgoblins
  8 kobolds
  3 quokkas
  8 ball pythons
  4 frilled lizards
  15 rats
98 creatures vanquished.

Notes
Turn   | Place    | Note
-------+----------+-------------------------------------------
     0 | D:1      | jasper the Demigod Brigand began the quest for the Orb.
     0 | D:1      | Reached XP level 1. HP: 17/17 MP: 3/3
   101 | D:1      | Reached skill level 1 in Long Blades
   185 | D:1      | Reached XP level 2. HP: 23/24 MP: 4/4
   329 | D:1      | Reached skill level 2 in Long Blades
   748 | D:1      | Reached XP level 3. HP: 29/29 MP: 5/5
   909 | D:2      | Reached skill level 3 in Long Blades
  1542 | D:3      | Reached XP level 4. HP: 36/36 MP: 6/6
  1669 | D:3      | Reached skill level 4 in Long Blades
  2170 | D:3      | Noticed Robin
  2192 | D:3      | Killed Robin
  2193 | D:3      | Reached XP level 5. HP: 37/41 MP: 7/7
  2253 | D:3      | Noticed Terence
  2271 | D:3      | Killed Terence
  2636 | D:4      | Reached skill level 5 in Long Blades
  2681 | D:4      | Noticed an ogre
  2700 | D:4      | Killed an ogre
  2738 | D:4      | Found a staircase to the Ecumenical Temple.
  2815 | D:4      | Noticed an ogre
  2819 | D:4      | Killed an ogre
  2820 | D:4      | Reached skill level 6 in Long Blades
  2820 | D:4      | Reached XP level 6. HP: 48/48 MP: 8/8
  2982 | D:4      | Killed from afar by an orc priest

Illustrated notes

Levels and vault maps discovered:
D:1:      ebering_trefoil_3fold, layout_loops_ring, minmay_rat_gold_closets
D:2:      layout_basic, serial_corexii_hall, corexii_hall_statues_i,
          chequers_hall_statues_wall_a, st_stairs_5, kennysheep_another_room,
          minmay_hedge_maze
D:3:      minmay_octagon_keep, layout_basic, okawaru_metal_pillars_3,
          nicolae_ashenzari_panopticon, serial_glass, glass_columns_a,
          glass_columns_a, glass_columns_a, minmay_misc_feat_rows, uniq_terence,
          uniq_robin
D:4:      layout_rooms, old_standard_altar, mainiacjoe_overflow_chevrons,
          minmay_temple_entry_wispy

Skill      XL: |  1  2  3  4  5 |
---------------+----------------+-----
Long Blades    | 1 2 3 4 6 |  6.1
Fighting       | |  1.7
Short Blades   | |  1.7
Throwing       | |  1.7
Dodging        | |  0.8
Stealth        | |  3.6

Action                     |  1- 3 |  4- 6 || total
---------------------------+-------+-------++-------
  Melee: Long sword        |    21 |    10 ||    31
         Dagger            |     1 |       ||     1
         Rapier            |   106 |    89 ||   195
         Punch             |     3 |     5 ||     8
  Throw: Dart              |       |    44 ||    44
  Evoke: Lightning rod     |       |     4 ||     4
    Use: Scroll            |     4 |     2 ||     6
         Potion            |       |     1 ||     1
   Stab: Sleeping          |    13 |       ||    13
         Invisible         |       |     1 ||     1
 Armour: Robe              |    34 |       ||    34
         Ring mail         |    11 |    38 ||    49
         Scale mail        |       |    18 ||    18
  Dodge: Dodged            |    53 |    34 ||    87

Table legend: (Time is in decaauts)
 A = Elapsed time spent in this place.
 B = Non-inter-level travel time spent in this place.
 C = Inter-level travel time spent in this place.
 D = Time resting spent in this place.
 E = Time spent auto-exploring this place.
 F = Levels seen in this place.
 G = Mean time per level.
                   A        B        C        D        E       F      G
               +--------+--------+--------+--------+--------+-----+--------+
         Total |   2921 |   2836 |     85 |     27 |   2082 |   4 |  730.2 |
       Dungeon |   2921 |   2836 |     85 |     27 |   2082 |   4 |  730.2 |
               +--------+--------+--------+--------+--------+-----+--------+

Top non-repeatable levels by time:
     D:3: 1075 daAuts
     D:1: 770 daAuts
     D:2: 720 daAuts
     D:4: 354 daAuts
